 Dungeon Crawl Stone Soup version 0.28.0-45-g0d030f2227 (webtiles) character file.

Game seed: 13027157939669207939

74 MisterFreud the Cudgeller (level 4, 0/37 HPs)
             Began as a Palentonga Fighter on Apr 12, 2022.
             Was an Initiate of Cheibriados.
             Succumbed to an adder's poison
             ... on level 3 of the Dungeon.
             The game lasted 00:01:51 (1114 turns).

MisterFreud the Cudgeller (Palentonga Fighter)      Turns: 1114, Time: 00:01:52

Health: 0/37       AC:  6    Str: 22    XL:     4   Next: 9%
Magic:  4/4        EV:  7    Int:  9    God:    Cheibriados [......]
Gold:   28         SH:  4    Dex: 11    Spells: 3/3 levels left

rFire   . . .      SeeInvis +   a - +0 flail
rCold   . . .      Faith    +   c - +0 buckler
rNeg    . . .      Spirit   .   b - +0 scale mail
rPois   .          Reflect  .   (no helmet)
rElec   .          Harm     .   (no cloak)
rCorr   .          Rampage  .   (no gloves)
Will    .....                   (no barding)
Stlth   ..........              i - amulet of faith
HPRegen 0.12/turn               (no ring)
MPRegen 0.09/turn               (no ring)

@: lethally poisoned (0 -> -2), very slow
A: large, rugged brown scales 3, see invisible, deformed body, roll 1, armoured
tail
a: Rolling Charge, Renounce Religion


You were on level 3 of the Dungeon.
You worshipped Cheibriados.
Cheibriados was noncommittal.
You visited 1 branch of the dungeon, and saw 3 of its levels.

You collected 28 gold pieces.

Inventory:

Hand Weapons
 a - a +0 flail (weapon)
Missiles
 e - 2 poisoned darts
 h - 2 boomerangs
Armour
 b - a +0 scale mail (worn)
 c - a +0 buckler (worn)
Jewellery
 i - an amulet of faith (around neck)
Scrolls
 f - 2 scrolls of fog
Potions
 d - a potion of might


   Skills:
 - Level 3.0 Fighting
 + Level 4.4 Maces & Flails
 - Level 2.4 Armour
 - Level 2.4 Shields


You had 3 spell levels left.
You didn't know any spells.
Your spell library was empty.

Dungeon Overview and Level Annotations

Branches:
Dungeon (3/15)

Altars:
Cheibriados
Uskayaw


Innate Abilities, Weirdness & Mutations

You are completely covered in rugged brown scales. (AC +3, +7% HP)
You have supernaturally acute eyesight. (SInv)
Armour fits poorly on your strangely shaped body.
You can roll at nearby foes to attack.
You have a long armoured tail.


Message History

The adder is lightly wounded.
* * * LOW HITPOINT WARNING * * *
You feel sick. The adder barely misses you.
The adder bites you but does no damage.
Okay, then.
Unknown command.
You hit the adder.
The adder is moderately wounded.
* * * LOW HITPOINT WARNING * * *
You feel sick. You block the adder's attack.
You closely miss the adder.
The adder is moderately wounded.
* * * LOW HITPOINT WARNING * * *
You feel sick. The adder bites you but does no damage.
You block the adder's attack.
As you read the scroll labelled TUOR VUKYSAIT, it crumbles to dust.
The scroll dissolves into smoke.
It was a scroll of fog.
* * * LOW HITPOINT WARNING * * *
You feel sick. You block the adder's attack.
As you read the scroll labelled VEENLE GASOAZYTIU, it crumbles to dust.
You assume a fearsome visage.
The adder looks frightened!
It was a scroll of fear.
* * * LOW HITPOINT WARNING * * *
You feel sick.
As you read the scroll labelled GISHUI SAKUB, it crumbles to dust.
You feel strangely unstable.
It was a scroll of teleportation.
* * * LOW HITPOINT WARNING * * *
You feel sick.
* * * LOW HITPOINT WARNING * * *
You feel sick.
Your surroundings suddenly seem different.
A ball python comes into view.
Found a metallic white potion.
Found a hide-covered altar of Uskayaw.
* * * LOW HITPOINT WARNING * * *
You feel sick.
The ball python hisses angrily.
The ball python barely misses you.
The ball python bites you but does no damage.
Unknown command.
You die...

.. ...
....#
.8....###
#..!..@###
#
##8.....S#
####
#......###
§§.#
.8....###
§##.#
....##
§§..# ....
.#### ...
.# .. .#


You could see a ball python.

Vanquished Creatures
  Natasha (D:2)
  A worm (D:1)
  A dart slug (D:1)
  4 bats (D:1)
  4 endoplasms
  A giant cockroach (D:1)
  4 goblins (D:1)
  2 hobgoblins (D:1)
  7 jackals
  2 kobolds
  3 quokkas
  4 ball pythons (D:1)
  2 frilled lizards (D:1)
  4 rats
40 creatures vanquished.

Notes
Turn   | Place    | Note
-------+----------+-------------------------------------------
     0 | D:1      | MisterFreud the Palentonga Fighter began the quest for the
                  | Orb.
     0 | D:1      | Reached XP level 1. HP: 19/19 MP: 1/1
    25 | D:1      | Reached XP level 2. HP: 16/25 MP: 2/2
    30 | D:1      | Reached skill level 3 in Maces & Flails
   416 | D:1      | Reached XP level 3. HP: 19/31 MP: 3/3
   787 | D:2      | Found a snail-covered altar of Cheibriados.
   795 | D:2      | Became a worshipper of Cheibriados the Contemplative
   858 | D:2      | Noticed Natasha
   866 | D:2      | Killed Natasha
   867 | D:2      | Reached skill level 4 in Maces & Flails
   867 | D:2      | Reached XP level 4. HP: 19/37 MP: 4/4
  1049 | D:2      | You fall into a shaft and drop 1 floor!
  1113 | D:3      | Found a hide-covered altar of Uskayaw.
  1113 | D:3      | HP: 1/37 [poisoned by an adder]
  1114 | D:3      | Succumbed to an adder's poison

Illustrated notes

Levels and vault maps discovered:
D:1:      dpeg_arrival_brainrot, layout_rooms
D:2:      layout_loops_corners, basic_altar, roderic_roman_lattice,
          chequers_serial_rivers_marsh, uniq_natasha, uniq_robin
D:3:      layout_loops_ring, minmay_overflow_temple_star_quad, uniq_grinder

Skill      XL: |  1  2  3 |
---------------+----------+-----
Maces & Flails | 3 4 |  4.4
Fighting       | |  3.0
Armour         | |  2.4
Shields        | |  2.4

Action                   |  1- 3 |  4- 6 || total
-------------------------+-------+-------++-------
Melee: Flail             |    83 |    19 ||   102
       Tailslap          |     8 |     3 ||    11
 Abil: Rolling Charge    |    19 |     1 ||    20
  Use: Scroll            |       |     3 ||     3
Armor: Scale mail        |    33 |     8 ||    41
Dodge: Dodged            |    28 |     6 ||    34
Block: Buckler           |    18 |     7 ||    25
